 Dungeon Crawl Stone Soup version 0.25.1-2-g60ff931df9 (webtiles) character file.

Game seed: 3030158452155244650

107 hehateme the Chopper (level 4, -8/61 HPs)
             Began as a Minotaur Berserker on Oct 5, 2020.
             Was a Believer of Trog.
             Killed by nerve-wracking pain
             ... invoked by an orc priest
              (12 damage)
             ... on level 3 of the Dungeon.
             The game lasted 00:06:14 (1100 turns).

hehateme the Chopper (Minotaur Berserker)           Turns: 1100, Time: 00:06:15

Health: -8/61      AC:  9    Str: 22    XL:     4   Next: 57%
Magic:  3/3        EV:  8    Int:  4    God:    Trog [**....]
Gold:   71         SH:  0    Dex: 10    Spells: 3/3 levels left

rFire    . . .     SeeInvis .   a - +0 hand axe
rCold    . . .     Gourm    .   (no shield)
rNeg     . . .     Faith    .   e - +0 chain mail
rPois    .         Spirit   .   (helmet restricted)
rElec    .         Reflect  .   (no cloak)
rCorr    .         Harm     .   (no gloves)
MR       .....                  (no boots)
Stlth    ..........             (no amulet)
HPRegen  0.20/turn              (no ring)
MPRegen  0.08/turn              (no ring)

@: berserking (expiring), very quick
A: retaliatory headbutt, horns 2
a: Berserk, Trog's Hand, Renounce Religion


You were on level 3 of the Dungeon.
You worshipped Trog.
Trog was pleased with you.
You were hungry.

You visited 1 branch of the dungeon, and saw 3 of its levels.

You collected 71 gold pieces.

Inventory:

Hand Weapons
 a - a +0 hand axe (weapon)
Armour
 b - a +0 animal skin
 e - a +0 chain mail (worn)
 l - a +0 scale mail
 o - a cursed +0 cloak
Jewellery
 m - an uncursed ring of wizardry {unknown}
 p - an uncursed ring of protection from fire {unknown}
Wands
 j - a wand of flame (23)
Scrolls
 d - 2 scrolls of identify
 g - 2 scrolls of amnesia
 i - a scroll of remove curse {unknown}
Potions
 f - a potion of haste {unknown}
 h - a potion of berserk rage {unknown}
 k - a potion of lignification {unknown}
Comestibles
 c - a ration
 n - 3 chunks of flesh


   Skills:
 + Level 4.8 Fighting
 + Level 4.8 Axes
 + Level 3.4 Armour
 + Level 2.6 Dodging


You had 3 spell levels left.
You didn't know any spells.
Your spell library was empty.

Dungeon Overview and Level Annotations

Branches:
Dungeon (3/15)

Altars:


Innate Abilities, Weirdness & Mutations

You reflexively headbutt those who attack you in melee.
You have a pair of horns on your head.


Message History

* * * LOW HITPOINT WARNING * * *
You slash the orc priest!
You kill the orc priest!
Trog accepts your kill.
You hit the orc priest but do no damage.
You slash the dart slug!
You kill the dart slug!
Trog accepts your kill.
You closely miss the orc priest.
The orc priest mumbles some strange prayers to Beogh against you.
Beogh smites you!
* * * LOW HITPOINT WARNING * * *
The orc priest hits you with a +1 vorpal falchion.
* * * LOW HITPOINT WARNING * * *
x2 You closely miss the orc priest.
You headbutt the orc priest.
The orc priest is heavily wounded.
The orc priest looks braver for a moment.
The orc priest calls down the wrath of Beogh upon you.
Pain shoots through your body!
You die...

..) ######.# #. #
##...##.# #. #.
####.....#.# #. .##
.........#.####....##
####............#...
##...##..###...# .
######..####o###....
#.....)@).o...#
##.####.###.#.# #.#
#.# #.# #.# #.# ..#
#.# .## ..# . ## #.


You could see 2 orc priests.

Vanquished Creatures
  An orc priest (D:3)
  Terence (D:2)
  An adder (D:2)
  A worm (D:2)
  2 dart slugs
  A leopard gecko (D:3)
  3 orcs (D:3)
  5 giant cockroaches
  2 goblins
  A hobgoblin (D:3)
  9 bats
  2 frilled lizards
  6 kobolds
  4 rats
39 creatures vanquished.

Notes
Turn   | Place    | Note
-------+----------+-------------------------------------------
     0 | D:1      | hehateme the Minotaur Berserker began the quest for the
                  | Orb.
     0 | D:1      | Reached XP level 1. HP: 19/19 MP: 0/0
   339 | D:1      | Reached XP level 2. HP: 27/27 MP: 1/1
   468 | D:2      | Reached ** piety under Trog
   512 | D:2      | Noticed Terence
   516 | D:2      | Reached XP level 3. HP: 20/33 MP: 2/2
   519 | D:2      | Killed Terence
  1081 | D:3      | Reached XP level 4. HP: 41/41 MP: 3/3
  1100 | D:3      | Killed from afar by an orc priest

Illustrated notes

Levels and vault maps discovered:
D:1:      dpeg_arrival_court, layout_basic
D:2:      layout_basic, uniq_terence
D:3:      layout_loops_ring, minmay_misc_feat_more_columns, minmay_quantized

Skill      XL: |  1  2  3 |
---------------+----------+-----
Axes           | 4 |  4.8
Fighting       | 4 |  4.8
Armour         | 3 |  3.4
Dodging        | |  2.6

Action                   |  1- 3 |  4- 6 || total
-------------------------+-------+-------++-------
Melee: Hand axe          |    81 |    12 ||    93
       Headbutt          |     9 |     1 ||    10
Invok: Berserk           |     1 |     1 ||     2
       Trog's Hand       |     1 |       ||     1
  Use: Scroll            |     2 |       ||     2
  Eat: Chunk             |     2 |       ||     2
Armor: Chain mail        |    79 |     2 ||    81
Dodge: Dodged            |    61 |     3 ||    64
